 Dungeon Crawl Stone Soup version 0.24.1-4-ge52af88ad5 (webtiles) character file.

Game seed: 16840780846985433446, levelgen mode: deterministic

98 nicanaca0 the Cudgeler (level 4, -1/28 HPs)
             Began as a Gargoyle Fighter on Apr 20, 2020.
             Slain by a worm (5 damage)
             ... on level 2 of the Dungeon.
             The game lasted 00:05:55 (1936 turns).

nicanaca0 the Cudgeler (Gargoyle Fighter)           Turns: 1936, Time: 00:05:55

Health: -1/28      AC: 10    Str: 19    XL:     4   Next: 71%
Magic:  4/4        EV:  7    Int:  9    God:
Gold:   142        SH:  9    Dex: 10    Spells: 3/3 levels left

rFire    . . .     SeeInvis .   a - +0 mace (pain)
rCold    . . .     Gourm    .   Q - +0 shield
rNeg     + . .     Faith    .   i - +0 scale mail
rPois    ∞         Spirit   .   (no helmet)
rElec    +         Reflect  .   (no cloak)
rCorr    .         Harm     .   (no gloves)
MR       .....                  (no boots)
Stlth    ..........             (no amulet)
HPRegen  0.09/turn              (no ring)
MPRegen  0.09/turn              (no ring)

@: no status effects
A: negative energy resistance 1, electricity resistance, unbreathing,
petrification resistance, rot immunity, AC +3
a: no special abilities


You were on level 2 of the Dungeon.
You were hungry.

You visited 1 branch of the dungeon, and saw 2 of its levels.

You collected 142 gold pieces.

Inventory:

Hand Weapons
 a - a +0 mace of pain (weapon)
   (You found it on level 2 of the Dungeon)
 b - a +0 flail
Missiles
 f - 141 stones (quivered)
Armour
 i - a +0 scale mail (worn)
 Q - a +0 shield (worn)
 W - a +0 helmet
   (You found it on level 1 of the Dungeon)
Scrolls
 c - 2 scrolls of remove curse {unknown}
 g - 4 scrolls of identify {unknown}
 j - a scroll of fear {unknown}
 k - a scroll of teleportation {unknown}
Potions
 d - a potion of might {@q4}
 h - a potion of mutation {unknown}
 l - a potion of invisibility {unknown}
 m - a potion of resistance {unknown}
Comestibles
 e - a chunk of flesh {@e0}
 w - 3 rations


   Skills:
 - Level 3.2 Fighting
 * Level 4.7 Maces & Flails
 - Level 3.2 Armour
 - Level 3.2 Shields


You had 3 spell levels left.
You didn't know any spells.
Your spell library was empty.

Dungeon Overview and Level Annotations

Branches:
Dungeon (2/15)

Altars:


Innate Abilities, Weirdness & Mutations

You are resistant to torment.
Your stone body is resilient. (AC +3)
You are immune to poison.
You resist negative energy. (rN+)
You are resistant to electric shocks. (rElec)
You can survive without breathing.
You are immune to petrification.
You are immune to rotting.


Message History

There is a stone staircase leading up here.
Found an escape hatch in the floor.
No target in view!
No target in view!
A worm comes into view.
You should not fight recklessly!
A worm is nearby!
You hit the worm. You sock the worm! You block the worm's attack.
You hit the worm. You block the worm's attack.
You hit the worm.
You kill the worm!
No target in view!
A giant cockroach comes into view.
You hit the giant cockroach. You block the giant cockroach's attack.
The giant cockroach bites you but does no damage.
You barely miss the giant cockroach.
The giant cockroach bites you but does no damage.
You sock the giant cockroach!
You kill the giant cockroach!
No target in view!
No target in view!
You butcher the giant cockroach corpse.
e - 2 chunks of flesh {@e0} (gained 1)
Found a stone staircase leading down.
f - 141 stones (gained 17) Eating one of 2 chunks of flesh {@e0}.
You eat one of the 2 chunks of flesh {@e0}.
You see here a mace.
You now have 142 gold pieces (gained 11).
A worm comes into view.
A worm is nearby!
You sock the worm! You hit the worm. The worm barely misses you.
You sock the worm! The worm bites you.
You hit the worm but do no damage. The worm closely misses you.
You barely miss the worm. The worm bites you but does no damage.
You hit the worm. You barely miss the worm. You block the worm's attack.
You hit the worm.
You kill the worm!
No target in view!
You butcher the worm corpse.
e - 2 chunks of flesh {@e0} (gained 1)
A bat comes into view.
A bat is nearby!
You hit the bat but do no damage. You block the bat's attack. x2
The bat barely misses you.
You hit the bat.
You kill the bat!
You butcher the bat corpse.
e - 3 chunks of flesh {@e0} (gained 1)
You see here a bat skeleton. x2
Some of the chunks of flesh in your inventory have rotted away.
Some of the chunks of flesh in your inventory have rotted away.
Key pressed, stopping explore.
No target in view!
No target in view!
A worm comes into view.
A worm is nearby!
You hit the worm. You block the worm's attack. The worm bites you.
The worm bites you. The worm barely misses you.
The worm bites you but does no damage. You block the worm's attack.
The worm bites you but does no damage. The worm bites you.
You block the worm's attack. The worm barely misses you. The worm bites you.
The worm bites you but does no damage. You block the worm's attack.
The worm barely misses you. The worm bites you. You block the worm's attack.
The worm barely misses you. The worm bites you. The worm barely misses you.
You are feeling hungry.
The worm bites you.
* * * LOW HITPOINT WARNING * * *
The worm bites you.
* * * LOW HITPOINT WARNING * * *
You block the worm's attack. You block the worm's attack.
The worm bites you but does no damage. You block the worm's attack.
The worm closely misses you. You block the worm's attack.
You block the worm's attack. The worm bites you but does no damage.
You block the worm's attack. The worm bites you.
* * * LOW HITPOINT WARNING * * *
The worm bites you.
* * * LOW HITPOINT WARNING * * *
The worm bites you.
You die...

...........#
...#..####.# ...#..#
#.# ......# #.#
...##.####.###
.............#
..###.####.#.# ..#
#.#....#.#######.# ..#
#.#....#....9w...#
..###.#...##.#########
......#.............#
.##.................#
.#######............#
.# #..............# .#
#######..........# .#
#..##.#...######## .#
#..#.##...#


You could see a worm.

Vanquished Creatures
  Terence (D:2)
  3 adders (D:2)
  2 worms (D:2)
  3 dart slugs
  A leopard gecko (D:2)
  2 giant cockroaches
  2 goblins (D:1)
  5 hobgoblins
  3 kobolds (D:2)
  4 bats
  2 frilled lizards (D:2)
  6 rats
34 creatures vanquished.

Notes
Turn   | Place    | Note
-------+----------+-------------------------------------------
     0 | D:1      | nicanaca0 the Gargoyle Fighter began the quest for the Orb.
     0 | D:1      | Reached XP level 1. HP: 14/14 MP: 1/1
   265 | D:1      | Reached XP level 2. HP: 19/19 MP: 2/2
   517 | D:1      | Reached skill level 3 in Maces & Flails
   993 | D:2      | Reached XP level 3. HP: 23/23 MP: 3/3
  1102 | D:2      | Reached skill level 4 in Maces & Flails
  1215 | D:2      | Noticed Terence
  1232 | D:2      | Killed Terence
  1232 | D:2      | Reached XP level 4. HP: 28/28 MP: 4/4
  1934 | D:2      | HP: 4/28 [worm (5)]
  1936 | D:2      | Slain by a worm

Levels and vault maps discovered:
D:1:      evilmike_arrival_rings, layout_basic, bh_walls_and_bars
D:2:      layout_basic, nrook_mini_backslash, amethyst_killhole,
          minmay_pentomino_r2, uniq_terence

Skill      XL: |  1  2  3 |
---------------+----------+-----
Maces & Flails | 3 4 |  4.7
Fighting       | |  3.2
Armour         | |  3.2
Shields        | |  3.2

Action                   |  1- 3 |  4- 6 || total
-------------------------+-------+-------++-------
Melee: Flail             |   119 |     1 ||   120
       Mace              |       |    50 ||    50
  Eat: Chunk             |     1 |     2 ||     3
Armor: Scale mail        |    65 |    26 ||    91
Dodge: Dodged            |    32 |    22 ||    54
Block: Shield            |    52 |    37 ||    89

Levels and vault maps discovered:
D:1:      evilmike_arrival_rings, layout_basic, bh_walls_and_bars
D:2:      layout_basic, nrook_mini_backslash, amethyst_killhole,
          minmay_pentomino_r2, uniq_terence

Table legend:
 A = Turns spent in this place as a percentage of turns spent in the entire game.
 B = Non-inter-level travel turns spent in this place as a percentage of non-inter-level travel turns spent in the entire game.
 C = Inter-level travel turns spent in this place as a percentage of turns spent in this place.
 D = Turns resting spent in this place as a percentage of non-inter-level travel turns spent in this place.
 E = Turns spent auto-exploring this place as a percentage of non-inter-level travel turns spent in this place.
 F = Non-inter-level travel turns spent in this place divided by the number of levels of this place that you've seen.
                   A       B       C       D       E      F
               +-------+-------+-------+-------+-------+----------------------
         Total | 100.0 | 100.0 |   0.6 |   0.0 |  82.0 | 962.5
       Dungeon | 100.0 | 100.0 |   0.6 |   0.0 |  82.0 | 962.5
               +-------+-------+-------+-------+-------+----------------------

Table legend:
 A = Kills in this place as a percentage of kills in entire the game.
 B = Kills by you in this place as a percentage of kills by you in the entire game.
 C = Kills by friends in this place as a percentage of kills by friends in the entire game.
 D = Other kills in this place as a percentage of other kills in the entire game.
 E = Experience gained in this place as a percentage of experience gained in the entire game.
 F = Experience gained in this place divided by the number of levels of this place that you have seen.
                   A       B       C       D       E      F
               +-------+-------+-------+-------+-------+----------------------
         Total | 100.0 | 100.0 |   N/A |   N/A | 100.0 |  70.5
       Dungeon | 100.0 | 100.0 |   N/A |   N/A | 100.0 |  70.5
               +-------+-------+-------+-------+-------+----------------------
